 Dungeon Crawl Stone Soup version 0.29.1-2-gbd0b4ee654 (webtiles) character file.

Game seed: 3550306296949234086

4137 GorkyZ the Shield-Bearer (level 10, -4/77 HPs)
             Began as a Formicid Gladiator on Nov 20, 2022.
             Was an Initiate of Gozag.
             Slain by a fire elemental (9 damage)
             ... summoned by a deep elf pyromancer
             ... on level 9 of the Dungeon.
             The game lasted 00:25:47 (8647 turns).

GorkyZ the Shield-Bearer (Formicid Gladiator)       Turns: 8647, Time: 00:25:48

Health: -4/77      AC: 16    Str: 23    XL:     10   Next: 52%
Magic:  10/10      EV: 13    Int:  8    God:    Gozag
Gold:   486        SH:  0    Dex: 15    Spells: 9/9 levels left

rFire   . . .      SeeInvis +   H - +4 glaive (venom)
rCold   . . .      Faith    .   (no shield)
rNeg    . . .      Spirit   .   r - +0 chain mail
rPois   .          Reflect  +   (helmet unavailable)
rElec   .          Harm     .   i - +0 cloak
rCorr   .          Rampage  .   (no gloves)
Will    +....                   p - +0 pair of boots
Stlth   ..........              l - amulet of reflection
HPRegen 0.22/turn               F - +4 ring of protection
MPRegen 0.12/turn               K - +4 ring of evasion

@: confused, ambrosia-drunk, gold aura
A: permanent stasis, dig shafts and tunnels, antennae 3, four strong arms
a: Dig, Shaft Self, Renounce Religion, Potion Petition, Call Merchant, Bribe
Branch


You were on level 9 of the Dungeon.
You worshipped Gozag.
Gozag was aware of your devotion.
You visited 1 branch of the dungeon, and saw 9 of its levels.

You collected 763 gold pieces.
You spent 103 gold pieces at shops.
You paid 174 gold pieces to Gozag.

Inventory:

Hand Weapons
 a - a +0 war axe of electrocution
 y - a +0 hand axe of flaming
 H - a +4 glaive of venom (weapon)
Missiles
 c - 3 throwing nets
 d - a javelin
 w - 3 boomerangs (quivered)
 x - 8 poisoned darts
Armour
 b - a +0 leather armour
 e - a +0 ring mail
 i - a +0 cloak (worn)
 p - a +0 pair of boots (worn)
 r - a +0 chain mail (worn)
Jewellery
 l - an amulet of reflection (around neck)
 q - a ring of fire
 C - a ring of protection from fire
 F - a +4 ring of protection (left hand)
 K - a +4 ring of evasion (right hand)
 N - a ring of resist corrosion
Wands
 E - a wand of roots (14)
 J - a wand of polymorph (4)
 M - a wand of charming (10)
Scrolls
 g - 6 scrolls of teleportation
 h - a scroll of fog
 m - a scroll of noise
 s - a scroll of brand weapon
 t - 4 scrolls of blinking
 v - 2 scrolls of poison
 A - a scroll of identify
 B - a scroll of vulnerability
 D - 2 scrolls of fear
Potions
 f - 2 potions of attraction
 k - 4 potions of curing
 n - a potion of might
 o - 2 potions of heal wounds
 u - a potion of invisibility {unknown}
 z - a potion of magic
 G - a potion of haste {unknown}
 I - a potion of flight {unknown}
 O - a potion of berserk rage {unknown}


   Skills:
 + Level 6.9 Fighting
 - Level 4.0(5.2) Axes
 + Level 5.0(5.7) Polearms
 + Level 6.3 Throwing
 + Level 6.3 Armour
 - Level 2.6 Dodging
 + Level 7.7 Shields
 + Level 6.2 Evocations


You had 9 spell levels left.
You didn't know any spells.
Your spell library contained the following spells:

 Spells                   Type           Power      Damage    Failure   Level
 Apportation              Tloc           0%         N/A       96%         1
 Magic Dart               Conj           0%         1d3       96%         1
 Necrotise                Necr           0%         1d4       96%         1
 Sting                    Tmut/Pois      0%         1d3       96%         1
 Summon Small Mammal      Summ           0%         N/A       96%         1
 Poisonous Vapours        Pois/Air       0%         N/A       99%         2
 Searing Ray              Conj           0%         2d4       99%         2
 Static Discharge         Conj/Air       0%         3-3/arc   99%         2
 Dispel Undead            Necr           0%         3d6       100%        4
 Fulminant Prism          Conj/Hex       0%         3d6       100%        4
 Olgreb's Toxic Radiance  Pois           0%         N/A       100%        4
 Sticky Flame             Conj/Fire      0%         2d3       100%        4
 Corpse Rot               Necr/Pois/Air  Unusable   N/A       N/A         4

Dungeon Overview and Level Annotations

Branches:
Dungeon (9/15)               Lair (0/5) D:8
 Temple: D:4-7          Orc: D:9-12

Altars:
Ashenzari
Cheibriados
Dithmenos
Gozag
Kikubaaqudgha
Nemelex Xobeh
Uskayaw
The Shining One

Shops:
D:1 (:((   D:3 *

Annotations:
D:5 3 runed translucent doors, rlgrobin's ghost, novice FoFi


Innate Abilities, Weirdness & Mutations

You cannot be hasted, slowed, berserked, paralysed or teleported.
You can dig through walls and to a lower floor.
You have a pair of large antennae on your head. (SInv)
Your four strong arms can wield two-handed weapons with a shield.


Message History

You are too injured to fight recklessly!
You are too injured to fight recklessly!
You are too injured to fight recklessly!
You are too injured to fight recklessly!
You are too injured to fight recklessly!
You slash the deep elf pyromancer!
The deep elf pyromancer looks as sick as possible!
The deep elf pyromancer is moderately wounded.
The fire elemental hits you. The fire elemental burns you!
The deep elf pyromancer mumbles some strange words.
The deep elf pyromancer blinks!
The wight hits you from afar with a +5 trident of freezing!
The wight freezes you.
* * * LOW HITPOINT WARNING * * *
The fire elemental completely misses you.
You slash the fire elemental!
The fire elemental is moderately damaged.
The fire elemental misses you. The fire elemental hits you.
The fire elemental burns you!
* * * LOW HITPOINT WARNING * * *
You block the wight's attack. The fire elemental hits you.
The fire elemental burns you!
* * * LOW HITPOINT WARNING * * *
You block the fire elemental's attack. The wight misses you.
You feel much better. The fire elemental closely misses you.
The fire elemental hits you. The fire elemental burns you!
An acid dragon comes into view.
You block the wight's attack.
You are confused.
You feel invigorated. The fire elemental hits you.
The fire elemental burns you! The fire elemental hits you.
The fire elemental burns you!
* * * LOW HITPOINT WARNING * * *
The wight hits you from afar with a +5 trident of freezing.
* * * LOW HITPOINT WARNING * * *
The wight freezes you.
* * * LOW HITPOINT WARNING * * *
The fire elemental hits you. The fire elemental burns you!
You die...
Your body crumbles into a pile of gold.

#..PP........P.#
....P.###../..#
####....#$P.P..#
...............#
.......$$..P...#
####+#........#
####z..........#
+.EE.#.$.####+##
#.@#°..........
####..z........
##.{........
#..........
#.....#####
#.......
.........
.....)...


You could see 2 fire elementals and a wight.

Vanquished Creatures
  Joseph (D:7)
  A kobold demonologist (D:9)
  A komodo dragon (D:8)
  3 trolls (D:9)
  Eustachio (D:5)
  2 steam dragons
  A water moccasin (D:8)
  Pargi (D:4)
  An ice beast (D:6)
  4 sky beasts
  An ogre (D:7)
  2 phantoms
  A kobold brigand (D:9)
  Blork the orc (D:4)
  3 bullfrogs
  A scorpion (D:6)
  A wight (D:8)
  6 killer bees
  A howler monkey (D:8)
  2 jellies
  2 orc priests
  2 hounds
  Natasha (thrice) (D:4)
  2 iguanas
  6 orc wizards
  7 gnolls (D:6)
  6 adders
  2 white imps (D:7)
  2 dart slugs
  15 orcs
  3 ball pythons
  7 endoplasms
  A giant cockroach (D:3)
  4 goblins
  3 hobgoblins
  5 jackals
  3 kobolds
  3 quokkas
  2 bats (D:1)
  3 frilled lizards
  A rat (D:2)
117 creatures vanquished.

Vanquished Creatures (others)
  28 plants (D:8)
  4 withered plants (D:9)
32 creatures vanquished.

Grand Total: 149 creatures vanquished

Notes
Turn   | Place    | Note
-------+----------+-------------------------------------------
     0 | D:1      | GorkyZ the Formicid Gladiator began the quest for the Orb.
     0 | D:1      | Reached XP level 1. HP: 16/16 MP: 1/1
    47 | D:1      | Found Miept's Weapon Boutique.
    53 | D:1      | Found a faded altar of an unknown god.
   196 | D:1      | Found Xulonti's Book Shoppe.
   198 | D:1      | Found Mummusy's Weapon Shoppe.
   304 | D:1      | Found Oddan's Weapon Boutique.
   402 | D:1      | Reached XP level 2. HP: 22/22 MP: 2/2
   443 | D:1      | You fall into a shaft and drop 1 floor!
   443 | D:2      | Found a snail-covered altar of Cheibriados.
   709 | D:2      | Reached skill level 1 in Shields
   856 | D:1      | Reached XP level 3. HP: 28/28 MP: 3/3
  1193 | D:2      | Reached skill level 1 in Evocations
  1314 | D:2      | Reached skill level 1 in Armour
  1869 | D:3      | Found a broken altar of Ashenzari.
  2023 | D:3      | Reached XP level 4. HP: 34/34 MP: 4/4
  2061 | D:3      | Found Xyosh's General Store.
  2435 | D:3      | Found a shadowy altar of Dithmenos.
  2569 | D:1      | Bought a +0 hand axe of flaming for 103 gold pieces
  2759 | D:4      | Noticed Natasha
  2768 | D:4      | Killed Natasha
  2964 | D:4      | Reached skill level 2 in Shields
  2964 | D:4      | Reached XP level 5. HP: 35/40 MP: 5/5
  3027 | D:4      | Noticed a phantom
  3046 | D:4      | Killed a phantom
  3268 | D:4      | Noticed Pargi
  3285 | D:4      | Killed Pargi
  3286 | D:4      | Reached XP level 6. HP: 12/47 MP: 6/6
  3481 | D:4      | Noticed Natasha
  3490 | D:4      | Killed Natasha
  3491 | D:4      | Reached skill level 3 in Shields
  3581 | D:4      | Found a hide-covered altar of Uskayaw.
  3831 | D:4      | Noticed Blork the orc
  3845 | D:4      | Killed Blork the orc
  3845 | D:4      | HP: 2/48 [poisoned by Blork the orc]
  3846 | D:4      | Reached XP level 7. HP: 3/53 MP: 7/7
  4358 | D:4      | Noticed Natasha
  4375 | D:4      | Killed Natasha
  4543 | D:5      | Entered Level 5 of the Dungeon
  4544 | D:5      | Noticed Eustachio
  4553 | D:5      | Killed Eustachio
  4554 | D:5      | Reached skill level 1 in Polearms
  4572 | D:5      | Found a runed translucent gate.
  4572 | D:5      | Found a runed translucent gate.
  4572 | D:5      | Found a runed translucent gate.
  4576 | D:5      | Noticed rlgrobin's ghost (novice FoFi)
  4683 | D:5      | You fall into a shaft and drop 3 floors!
  4892 | D:8      | Noticed a komodo dragon
  4905 | D:8      | Killed a komodo dragon
  4906 | D:8      | Reached skill level 4 in Shields
  4906 | D:8      | Reached XP level 8. HP: 28/61 MP: 8/8
  5088 | D:8      | Found a staircase to the Lair.
  5278 | D:7      | Noticed Joseph
  5292 | D:7      | Killed Joseph
  5293 | D:7      | Reached skill level 5 in Fighting
  5293 | D:7      | Reached skill level 5 in Shields
  5582 | D:7      | Reached XP level 9. HP: 48/68 MP: 9/9
  5680 | D:7      | Found a sparkling altar of Nemelex Xobeh.
  5782 | D:7      | Reached skill level 5 in Throwing
  5862 | D:7      | Found a snail-covered altar of Cheibriados.
  6013 | D:6      | Reached skill level 6 in Shields
  6124 | D:6      | Found an opulent altar of Gozag.
  6139 | D:6      | Became a worshipper of Gozag Ym Sagoz the Greedy
  6203 | D:6      | Found a glowing golden altar of the Shining One.
  6322 | D:6      | Reached skill level 5 in Armour
  6322 | D:6      | Reached skill level 5 in Evocations
  7547 | D:8      | Reached XP level 10. HP: 73/76 MP: 10/10
  8035 | D:9      | Reached skill level 7 in Shields
  8591 | D:9      | Found an ancient bone altar of Kikubaaqudgha.
  8608 | D:9      | Noticed a kobold demonologist
  8618 | D:9      | Killed a kobold demonologist
  8625 | D:9      | Noticed a deep elf pyromancer
  8634 | D:9      | Reached skill level 5 in Polearms
  8647 | D:9      | Slain by a fire elemental

Illustrated notes

Levels and vault maps discovered:
D:1:      erik_arrival_blinker_ship, layout_loops_cross, serial_shops,
          nicolae_square_shop, nicolae_shop_crystal, shop, nicolae_diamond_shop,
          basic_ecumenical_altar, dreamdust_princess_corridor, nrook_uturn,
          dreamdust_wishing_well, minmay_misc_feat_enclosed, minivault_14
D:2:      layout_loops_corners, basic_altar
D:3:      layout_basic, general_overflow_altar, lemuel_doored_altar,
          serial_shops, shop
D:4:      layout_loops_corners, amcnicky_altar_gilded, minmay_circle_x,
          uniq_pargi, uniq_natasha, uniq_blork_the_orc
D:5:      layout_basic, demons_altar, zin_angel, temple_doors_e,
          biasface_ghost_orc_armoury, guppyfry_early_orc_mine, uniq_edmund,
          uniq_eustachio, uniq_prince_ribbit1, uniq_duvessa
D:6:      layout_gridville, nicolae_overflow_hidden_temple,
          overflow_temple_1_default
D:7:      layout_rooms, kennysheep_mini, mainiacjoe_overflow_cross_hatched,
          uniq_joseph
D:8:      layout_loops_ring, david_lair_shrubbed, chequers_serial_rivers_room_a,
          minmay_bent
D:9:      hangedman_cross_stitches, layout_stronghold, lemuel_round_altar,
          grunt_temple_overflow_diamond, kiku_gazebo_garden_becter, david_orc_2

Skill      XL: |  1  2  3  4  5  6  7  8  9 10 |
---------------+-------------------------------+-----
Shields        | 1 2 3 4 5 6 7 |  7.7
Evocations     | 1 2 3 4 5 6 |  6.2
Armour         | 1 2 3 4 5 6 |  6.3
Fighting       | 3 4 5 6 |  6.9
Throwing       | 3 4 5 6 |  6.3
Axes           | 4 |  4.0
Polearms       | 1 2 4 5 |  5.0
Dodging        | |  2.6

Action                   |  1- 3 |  4- 6 |  7- 9 | 10-12 || total
-------------------------+-------+-------+-------+-------++-------
Melee: War axe           |    60 |     3 |       |       ||    63
       Punch             |     1 |       |     3 |       ||     4
       Hand axe          |       |    79 |     4 |       ||    83
       Glaive            |       |       |   186 |    69 ||   255
       Unarmed           |       |       |    16 |       ||    16
 Abil: Shaft Self        |       |       |     1 |       ||     1
       Dig               |       |       |     3 |       ||     3
  Use: Potion            |       |       |     1 |     3 ||     4
       Scroll            |       |       |    17 |       ||    17
 Stab: Distracted        |       |       |     1 |       ||     1
Armor: Ring mail         |    16 |       |       |       ||    16
       Chain mail        |    15 |    52 |    99 |    63 ||   229
       Skin              |       |     2 |       |       ||     2
Dodge: Dodged            |    42 |    38 |   123 |    73 ||   276
Block: Other             |       |       |       |    20 ||    20
